 Dungeon Crawl Stone Soup version 0.28-a0-863-g8cecda6153 (webtiles) character file.

Game seed: 3827279701087449223

78 R007833r the Fighter (level 4, -4/45 HPs)
             Began as a Gnoll Wanderer on Nov 18, 2021.
             Slain by a killer bee (6 damage)
             ... on level 4 of the Dungeon.
             The game lasted 00:07:34 (3361 turns).

R007833r the Fighter (Gnoll Wanderer)               Turns: 3361, Time: 00:07:35

Health: -4/45      AC:  2    Str: 14    XL:     4   Next: 36%
Magic:  5/5        EV: 12    Int: 11    God:
Gold:   157        SH:  0    Dex: 10    Spells: 5/5 levels left

rFire   . . .      SeeInvis .   a - +1 dagger (drain)
rCold   . . .      Faith    .   (no shield)
rNeg    + . .      Spirit   .   f - +0 robe
rPois   .          Reflect  .   (no helmet)
rElec   .          Harm     .   (no cloak)
rCorr   .          Rampage  .   (no gloves)
Will    .....                   (no boots)
Stlth   ++........              (no amulet)
HPRegen 0.15/turn               q - ring of positive energy
MPRegen 0.09/turn               (no ring)

@: lethally poisoned (-4 -> -17)
A: fangs 1, strong nose, distributed training
a: no special abilities


You were on level 4 of the Dungeon.
You visited 1 branch of the dungeon, and saw 4 of its levels.

You collected 157 gold pieces.

Inventory:

Hand Weapons
 a - a +1 dagger of draining (weapon)
   (You took it off a goblin on level 3 of the Dungeon)
Missiles
 d - 30 poisoned darts (quivered)
 o - 5 curare-tipped darts {!f}
Armour
 f - a +0 robe (worn)
Magical Staves
 l - a staff of air
   (You found it on level 2 of the Dungeon)
Jewellery
 q - a ring of positive energy (left hand)
   (You found it on level 4 of the Dungeon)
Scrolls
 b - 2 scrolls of fear
 g - 2 scrolls of identify {unknown}
 j - a scroll of fog {unknown}
 m - a scroll of enchant armour {unknown}
 n - a scroll of amnesia {unknown}
 p - a scroll of enchant weapon {unknown}
Potions
 e - a potion of haste {@q3}
 h - a potion of cancellation
 i - a potion of brilliance {unknown}
 k - a potion of flight {unknown}


   Skills:
 + Level 8.5 Fighting
 + Level 1.1 Short Blades
 + Level 1.1 Long Blades
 + Level 1.1 Axes
 + Level 1.1 Maces & Flails
 + Level 1.1 Polearms
 + Level 1.1 Staves
 + Level 1.1 Slings
 + Level 1.1 Bows
 + Level 1.1 Crossbows
 + Level 2.7 Throwing
 + Level 1.1 Armour
 + Level 2.7 Dodging
 + Level 2.5 Stealth
 + Level 2.7 Shields
 + Level 4.6 Unarmed Combat
 + Level 1.1 Spellcasting
 + Level 0.8 Conjurations
 + Level 0.8 Hexes
 + Level 0.8 Summonings
 + Level 0.8 Necromancy
 + Level 0.8 Translocations
 + Level 0.8 Transmutations
 + Level 0.8 Fire Magic
 + Level 0.8 Ice Magic
 + Level 0.8 Air Magic
 + Level 0.8 Earth Magic
 + Level 0.8 Poison Magic
 + Level 1.2 Invocations
 + Level 1.1 Evocations


You had 5 spell levels left.
You didn't know any spells.
Your spell library contained the following spells:

 Spells                   Type           Power      Damage    Failure   Level
 Passwall                 Tmut/Erth      1%         N/A       34%         2
 Gell's Gravitas          Tloc           2%         N/A       56%         3
 Lesser Beckoning         Tloc           2%         N/A       56%         3
 Swiftness                Air            2%         N/A       56%         3
 Teleport Other           Tloc           2%         N/A       56%         3


Dungeon Overview and Level Annotations

Branches:
Dungeon (4/15)
 Temple: D:4-7

Altars:
Ru

Shops:
D:3 =


Innate Abilities, Weirdness & Mutations

You have very sharp teeth.
Your uncanny sense of smell can sniff out nearby items.
Your experience applies equally to all skills.


Message History

The killer bee barely misses you.
You miss the killer bee.
The killer bee buzzes angrily.
The killer bee stings you. x2
The killer bee stings you but does no damage. x2
You miss the killer bee.
The killer bee stings you but does no damage. x6
You hit the killer bee.
The killer bee stings you but does no damage.
The killer bee barely misses you.
The killer bee stings you but does no damage. x8
You miss the killer bee.
The killer bee stings you but does no damage. x10
You barely miss the killer bee.
The killer bee stings you but does no damage. x3
The killer bee stings you.
The killer bee stings you but does no damage. x6
You hit the killer bee but do no damage.
The killer bee stings you. x2
The killer bee stings you but does no damage. x8
You hit the killer bee. You drain the killer bee.
The killer bee stings you but does no damage. x10
You barely miss the killer bee.
The killer bee stings you but does no damage.
The killer bee stings you.
The killer bee stings you but does no damage.
The killer bee stings you. The killer bee stings you!
* * * LOW HITPOINT WARNING * * *
You are poisoned.
The killer bee poisons you!
The killer bee stings you but does no damage. x3
Unknown command.
Unknown command.
It was a potion of cancellation.
Your magical effects are unravelling.
You feel magically purged.
You feel less wooden.
Your +0 robe unmelds from your body.
You feel sick. The killer bee barely misses you.
The killer bee closely misses you. The killer bee stings you.
* * * LOW HITPOINT WARNING * * *
The killer bee misses you. The killer bee stings you.
* * * LOW HITPOINT WARNING * * *
You are lethally poisoned!
The killer bee poisons you! The killer bee stings you!
* * * LOW HITPOINT WARNING * * *
The killer bee closely misses you. The killer bee stings you.
* * * LOW HITPOINT WARNING * * *
The killer bee barely misses you. The killer bee stings you.
You die...

#........# #........#
#........# #........#
#........# #........#
#.......<#
#..yyy†..#######
##########..y@y.........#
#.......................#
#.......................#
#.<................(....#
#.......................#
#.......................#
#.......................#
#########################


You could see 5 killer bees.

Vanquished Creatures
  An adder (D:4)
  2 worms (D:2)
  A dart slug (D:2)
  3 orcs (D:3)
  6 ball pythons
  3 endoplasms
  3 giant cockroaches (D:1)
  5 goblins
  8 hobgoblins
  9 kobolds
  4 bats
  2 frilled lizards (D:2)
  2 rats
49 creatures vanquished.

Notes
Turn   | Place    | Note
-------+----------+-------------------------------------------
     0 | D:1      | R007833r the Gnoll Wanderer began the quest for the Orb.
     0 | D:1      | R007833r set off with the following items: a +0 dagger, a
                  | scroll of fear, a potion of lignification {!q}, 14 poisoned
                  | darts, a potion of haste {@q3}, a +0 robe
     0 | D:1      | Reached XP level 1. HP: 26/26 MP: 1/1
   348 | D:1      | Reached XP level 2. HP: 33/33 MP: 2/2
   823 | D:1      | Reached XP level 3. HP: 32/38 MP: 3/3
  1807 | D:2      | Reached skill level 1 in Invocations
  1872 | D:2      | Found a faded altar of an unknown god.
  2265 | D:2      | Reached skill level 1 in Short Blades
  2265 | D:2      | Reached skill level 1 in Long Blades
  2265 | D:2      | Reached skill level 1 in Axes
  2265 | D:2      | Reached skill level 1 in Maces & Flails
  2265 | D:2      | Reached skill level 1 in Polearms
  2265 | D:2      | Reached skill level 1 in Staves
  2265 | D:2      | Reached skill level 1 in Slings
  2265 | D:2      | Reached skill level 1 in Bows
  2265 | D:2      | Reached skill level 1 in Crossbows
  2265 | D:2      | Reached skill level 1 in Armour
  2265 | D:2      | Reached skill level 1 in Spellcasting
  2265 | D:2      | Reached skill level 1 in Evocations
  2565 | D:3      | Reached XP level 4. HP: 45/45 MP: 5/5
  2716 | D:3      | Found Maekh's Jewellery Boutique.
  3340 | D:3      | Found a sacrificial altar of Ru.
  3361 | D:4      | HP: 2/45 [killer bee (2)]
  3361 | D:4      | Slain by a killer bee

Illustrated notes

Levels and vault maps discovered:
D:1:      dpeg_arrival_orchard, layout_basic
D:2:      layout_basic, shapermc_ecumenical_altar_flowoftime, serial_glass,
          glass_columns_a, glass_columns_b, glass_columns_c, glass_columns_b,
          glass_columns_a, minmay_pentomino_r2
D:3:      layout_loops_ring, nicolae_overflow_hidden_temple, serial_shops, shop
D:4:      layout_gridville, minmay_manual_mail

Skill      XL: |  1  2  3 |
---------------+----------+-----
Invocations    | 1 |  1.2
Short Blades   | 1 |  1.1
Long Blades    | 1 |  1.1
Axes           | 1 |  1.1
Maces & Flails | 1 |  1.1
Polearms       | 1 |  1.1
Staves         | 1 |  1.1
Slings         | 1 |  1.1
Bows           | 1 |  1.1
Crossbows      | 1 |  1.1
Armour         | 1 |  1.1
Spellcasting   | 1 |  1.1
Evocations     | 1 |  1.1
Fighting       | |  8.5
Throwing       | |  2.7
Dodging        | |  2.7
Stealth        | |  2.5
Shields        | |  2.7
Unarmed Combat | |  4.6
Conjurations   | |  0.8
Hexes          | |  0.8
Summonings     | |  0.8
Necromancy     | |  0.8
Translocations | |  0.8
Transmutations | |  0.8
Fire Magic     | |  0.8
Ice Magic      | |  0.8
Air Magic      | |  0.8
Earth Magic    | |  0.8
Poison Magic   | |  0.8

Action                   |  1- 3 |  4- 6 || total
-------------------------+-------+-------++-------
Melee: Dagger            |   137 |    15 ||   152
       Bite              |    13 |       ||    13
       Punch             |     2 |       ||     2
Throw: Dart              |    62 |    22 ||    84
  Use: Potion            |       |     2 ||     2
Armor: Robe              |    20 |     1 ||    21
       Skin              |       |    62 ||    62
Dodge: Dodged            |    85 |    10 ||    95

Table legend: (Time is in decaauts)
 A = Elapsed time spent in this place.
 B = Non-inter-level travel time spent in this place.
 C = Inter-level travel time spent in this place.
 D = Time resting spent in this place.
 E = Time spent auto-exploring this place.
 F = Levels seen in this place.
 G = Mean time per level.
                   A        B        C        D        E       F      G
               +--------+--------+--------+--------+--------+-----+--------+
         Total |   3347 |   3257 |     90 |    132 |   2460 |   4 |  836.8 |
       Dungeon |   3347 |   3257 |     90 |    132 |   2460 |   4 |  836.8 |
               +--------+--------+--------+--------+--------+-----+--------+

Top non-repeatable levels by time:
     D:2: 1294 daAuts
     D:1: 1172 daAuts
     D:3: 776 daAuts
     D:4: 104 daAuts
